AoeStats
← ¬koJ

Lombardia

509998745Analyzed
3v3 RM · 4d ago on Sep 29, 2026· 63m 43s· 6 players
Game mode
Random Map
Map size
Normal (6 player)
Population
200
Speed
Normal
Resources
Standard
Victory
Conquest
Starting age
Dark Age
Ending age
Imperial Age
RankedLock teamsTeams togetherTeam positionsShared explorationLock speedFull tech treeHidden civsTurbo modeCheats
Victory
Defeat
🇨🇱 Mongols · Chile
1090
+14
🇨🇱 Persians · Chile
1033
+17
🇦🇷 Tatars · Argentina
1026
+17
🇧🇷 Bulgarians · Brazil
1086
-17
🇧🇷 Khitans · Brazil
1044
-16
🇧🇷 Danes · Brazil
1020
-15
Wseek
4:52 Loom
9:05 Feudal Age
9:33 Gold Mining
9:30 Double-Bit Axe
17:26 Castle Age
15:58 Horse Collar
19:16 Bow Saw
20:15 Heavy Plow
22:54 Stone Mining
25:36 Scale Barding Armor
25:42 Forging
26:34 Bloodlines
27:17 Husbandry
29:31 Iron Casting
29:16 Chain Barding Armor
31:09 Gold Shaft Mining
31:10 Scale Mail Armor
32:12 Chain Mail Armor
35:07 Imperial Age
36:23 Blast Furnace
35:58 Plate Barding Armor
34:46 Cavalier
35:29 Pikeman
36:12 Squires
35:59 Gambesons
36:00 Arson
36:05 Gambesons
36:17 Town Watch
37:09 Plate Mail Armor
37:38 Caravan
37:13 Savar
37:27 Halberdier
38:22 Town Patrol
38:58 Wheelbarrow
43:40 Citadels
55:11 Elite Skirmisher
55:56 Thumb Ring
Paalosh
9:29 Loom
11:14 Feudal Age
16:02 Castle Age
13:51 Horse Collar
13:58 Double-Bit Axe
18:56 Wheelbarrow
24:06 Heavy Plow
24:00 Town Watch
24:38 Fletching
24:49 Padded Archer Armor
29:02 Bodkin Arrow
30:57 Ballistics
30:33 Gold Mining
34:32 Imperial Age
34:39 Imperial Age
33:11 Leather Archer Armor
35:41 Hand Cart
36:29 Chemistry
35:35 Bracer
36:53 Bloodlines
36:44 Husbandry
37:29 Conscription
38:08 Parthian Tactics
38:02 Thumb Ring
38:08 Elite Mangudai
39:01 Scale Barding Armor
39:07 Forging
38:39 Light Cavalry
41:52 Hussar
48:47 Caravan
58:54 Chain Barding Armor
59:10 Iron Casting
58:57 Capped Ram
60:01 Drill
60:33 Siege Ram
felix1997
6:01 Loom
8:53 Feudal Age
11:34 Double-Bit Axe
11:38 Horse Collar
14:01 Bloodlines
17:45 Gold Mining
20:33 Castle Age
19:10 Fletching
19:42 Padded Archer Armor
21:25 Bodkin Arrow
21:42 Bow Saw
22:59 Leather Archer Armor
24:58 Husbandry
26:56 Ballistics
30:12 Wheelbarrow
31:20 Hand Cart
39:20 Imperial Age
36:37 Town Watch
38:19 Scale Barding Armor
38:25 Forging
39:10 Heavy Plow
39:45 Silk Armor
40:15 Chain Barding Armor
40:23 Conscription
39:41 Elite Steppe Lancer
41:08 Gold Shaft Mining
42:29 Plate Barding Armor
44:09 Iron Casting
46:05 Heavy Cavalry Archer
46:39 Light Cavalry
48:06 Crop Rotation
49:21 Blast Furnace
48:22 Bracer
49:09 Caravan
51:27 Ring Archer Armor
57:35 Chemistry
Zulks
5:40 Loom
12:33 Feudal Age
13:30 Double-Bit Axe
20:46 Castle Age
18:34 Domestication
18:52 Gold Mining
21:49 Husbandry
22:02 Scale Barding Armor
22:12 Forging
24:30 Pastoralism
28:22 Bow Saw
29:37 Wheelbarrow
29:15 Town Watch
35:16 Imperial Age
32:15 Elite Skirmisher
33:03 Fletching
37:56 Elite Steppe Lancer
39:57 Chain Barding Armor
39:43 Town Patrol
41:15 Iron Casting
41:10 Fortified Wall
46:36 Hand Cart
46:22 Bodkin Arrow
56:10 Squires
55:56 Gambesons
57:46 Heavy Camel Rider
59:51 Light Cavalry
¬koJ
11:50 Feudal Age
12:12 Horse Collar
12:18 Double-Bit Axe
15:24 Loom
19:27 Castle Age
18:18 Stone Mining
18:22 Gold Mining
21:36 Forging
26:05 Wheelbarrow
27:16 Scale Barding Armor
27:02 Town Watch
28:08 Heavy Plow
28:36 Fervor
30:28 Hand Cart
30:49 Bow Saw
31:29 Town Patrol
32:53 Gold Shaft Mining
33:12 Ballistics
32:43 Fletching
33:27 Bloodlines
33:17 Husbandry
35:42 Stone Shaft Mining
39:40 Imperial Age
37:52 Chain Barding Armor
38:08 Iron Casting
38:25 Bodkin Arrow
38:45 Masonry
41:09 Plate Barding Armor
41:41 Blast Furnace
42:02 Chemistry
41:43 Bracer
42:53 Crop Rotation
42:07 Elite Konnik
43:13 Conscription
42:50 Stirrups
46:22 Onager
47:29 Scale Mail Armor
49:05 Siege Onager
49:35 Pikeman
50:17 Squires
50:04 Arson
51:21 Chain Mail Armor
52:17 Plate Mail Armor
51:30 Halberdier
Nebrown#1 JUGGERNAUT
9:27 Loom
11:13 Feudal Age
16:34 Castle Age
15:07 Double-Bit Axe
16:22 Gold Mining
16:16 Horse Collar
17:04 Scale Mail Armor
17:15 Forging
22:39 Bow Saw
23:56 Arson
24:11 Squires
26:34 Wheelbarrow
26:38 Stone Mining
33:45 Imperial Age
31:31 Hand Cart
31:02 Town Watch
33:05 Chain Mail Armor
33:09 Fletching
33:54 Iron Casting
33:40 Padded Archer Armor
33:47 Bodkin Arrow
33:26 Elite Skirmisher
35:35 Chemistry
34:41 Heavy Plow
34:19 Capped Ram
35:35 Conscription
35:14 Elite Varangian Guard
37:05 Gambesons
37:26 Hamask
39:10 Plate Mail Armor
40:09 Blast Furnace
41:44 Hoardings
41:36 Bracer
41:34 Murder Holes
42:00 Ballistics
41:50 Masonry
42:00 Pikeman
44:45 Leather Archer Armor
45:06 Caravan
44:34 Siege Ram
44:48 Halberdier
46:56 Ring Archer Armor
47:31 Gold Shaft Mining
47:31 Stone Shaft Mining
52:15 Town Patrol
53:17 Elite Jomsviking
54:23 Siege Engineers
62:46 Thumb Ring
Connection lost

Rejoining the realm…

Still unreachable

The connection could not be restored.

Session expired

The server has moved on; the page needs a fresh start.